 Dungeon Crawl Stone Soup version 0.18.1-50-g88ac8fd (webtiles) character file.

680 mvemjsun the Magician (level 7, -2/36 HPs)
             Began as a Deep Elf Fire Elementalist on Oct 9, 2016.
             Shot with an arrow by a centaur (11 damage)
             ... on level 5 of the Dungeon.
             The game lasted 00:17:59 (4307 turns).

mvemjsun the Magician (Deep Elf Fire Elementalist)  Turns: 4307, Time: 00:18:00

Health: -2/36      AC:  6    Str:  7    XL:     7   Next: 34%
Magic:  16/19      EV: 13    Int: 22    God:
Gold:   241        SH:  0    Dex: 18    Spells: 4 memorised, 6 levels left

rFire  . . .     SeeInvis .     h - +0 dagger (venom)
rCold  + . .     Gourm    .     y - +0 robe {rC+}
rNeg   . . .     Faith    .     (no shield)
rPois  .         Spirit   .     r - +0 helmet
rElec  .         Dismiss  +     z - +2 cloak of Ashenzari's Supremacy {+Inv Str+2}
rCorr  .         Reflect  .     (no gloves)
SustAt .         Harm     .     (no boots)
MR     .....                    e - amulet of dismissal
Stlth  ++........               (no ring)
                                n - +3 ring of dexterity

@: not resistant to hostile enchantments, unstealthy
A: no striking features
a: Evoke Invisibility


You were on level 5 of the Dungeon.
You were hungry.

You visited 1 branch of the dungeon, and saw 5 of its levels.

You collected 241 gold pieces.

Inventory:

Hand Weapons
 h - a +0 dagger of venom (weapon)
Armour
 r - a +0 helmet (worn)
 y - a +0 robe of cold resistance (worn)
 z - the +2 cloak of Ashenzari's Supremacy (worn) {+Inv Str+2}
   (You found it on level 4 of the Dungeon)

   It affects your strength (+2).
   It lets you turn invisible.
Jewellery
 e - an amulet of dismissal (around neck)
 n - a +3 ring of dexterity (left hand)
Wands
 x - a wand of slowing (47/48)
Scrolls
 a - a scroll of amnesia
 d - 5 scrolls of remove curse
 t - 4 scrolls of identify
Potions
 f - 3 potions of cancellation {unknown}
 g - a potion of resistance {unknown}
 j - 3 potions of might {unknown}
 k - a potion of flight {unknown}
 l - 3 potions of heal wounds {unknown}
 p - a potion of curing {unknown}
 s - 2 potions of ambrosia {unknown}
 u - a potion of beneficial mutation {unknown}
 w - 2 potions of magic {unknown}
Books
 b - a book of Flames

   Spells                             Type                      Level
   a - Flame Tongue                   Conjuration/Fire             1
   b - Throw Flame                    Conjuration/Fire             2
   c - Conjure Flame                  Conjuration/Fire             3
   d - Inner Flame                    Hexes/Fire                   3
   e - Sticky Flame                   Conjuration/Fire             4
   f - Fireball                       Conjuration/Fire             5
Comestibles
 c - 3 bread rations


   Skills:
 - Level 2.4 Dodging
 - Level 2.4 Stealth
 + Level 6.8 Spellcasting
 + Level 5.0 Conjurations
 + Level 6.1 Fire Magic


You had 6 spell levels left.
You knew the following spells:

 Your Spells              Type           Power        Failure   Level  Hunger
a - Flame Tongue          Conj/Fire      ####.        1%          1    None
b - Conjure Flame         Conj/Fire      ####....     2%          3    None
c - Sticky Flame          Conj/Fire      ####....     12%         4    ###....
d - Fireball              Conj/Fire      ####......   28%         5    #####..


Dungeon Overview and Level Annotations

Branches:
Dungeon (5/15)             Temple (0/1) D:5

Altars:
Dithmenos
Okawaru
Sif Muna

Shops:
D:4 [


Message History

The centaur wields a shortbow.
The centaur shoots an arrow.
The arrow hits you!
Casting: Flame Tongue
Confirm with . or Enter, or press ? or * to list all spells.
Aiming: Flame Tongue
Press: ? - help, Shift-Dir - straight line, f/p - centaur
Aim: a centaur, wielding a shortbow (moderately wounded)
The flame tongue hits the centaur.
The centaur is severely wounded.
The centaur shoots an arrow.
The arrow hits you.
The centaur shoots an arrow.
The arrow hits you!
* * * LOW HITPOINT WARNING * * *
Casting: Flame Tongue
Confirm with . or Enter, or press ? or * to list all spells.
Aiming: Flame Tongue
Press: ? - help, Shift-Dir - straight line, f/p - centaur
Aim: a centaur, wielding a shortbow (severely wounded)
The flame tongue hits the centaur.
The centaur is almost dead.
The centaur shoots an arrow.
The arrow hits you!
You die...

,,*,,*** #.....#
**,,***,,,* **,,**
#.....## *,.*****,*
*,,,** #......##
**#..,,**,,, *,,,,*
#.......###*...#,,,,,,,
*,,,,**
#..##.....#...#****,,**
*,,,,,*
##..*##......#** *,,*
.,**,,**##...)###....##
*,,*
.,***,,.#....c......##
*,,* .,*
**.........#@...#
**,,** )**
*#......c.*####.#**
**,,,,, )####........,*
*...*****,,,,,,
.)#....##,,.,,*
*....,,,,,*,,,,
#.......#*,,,,*
*.####**,,,,,,,
#(.#***,,,,,,,* **.#
**,,,,,, #(.#
**,,,,,,** *,,*
*,**,,,, ...#
**,,,,,,****,**
**,,,**, ..(#
*,,,,,,,,***,* *,,,,***


You could see a centaur.

Vanquished Creatures
  2 ogres (D:4)
  Blork the orc (D:5)
  2 scorpions
  An orc wizard (D:4)
  An orc priest (D:4)
  A worker ant (D:4)
  Robin (D:3)
  10 adders
  2 oozes
  2 worms
  6 dart slugs
  3 giant geckos
  15 orcs
  4 ball pythons
  8 bats
  5 giant cockroaches
  13 goblins
  9 hobgoblins
  13 jackals
  3 quokkas
  5 giant newts
  8 kobolds
  10 rats
125 creatures vanquished.

Notes
Turn   | Place    | Note
--------------------------------------------------------------
     0 | D:1      | mvemjsun the Deep Elf Fire Elementalist began the quest for the Orb.
     0 | D:1      | Reached XP level 1. HP: 10/10 MP: 6/6
   140 | D:1      | Reached XP level 2. HP: 15/15 MP: 4/8
   553 | D:1      | Reached XP level 3. HP: 18/19 MP: 6/10
   565 | D:1      | Learned a level 3 spell: Conjure Flame
  1322 | D:2      | Reached XP level 4. HP: 24/24 MP: 8/12
  1594 | D:2      | Learned a level 4 spell: Sticky Flame
  1921 | D:3      | Noticed Robin
  2054 | D:3      | Killed Robin
  2067 | D:3      | Reached XP level 5. HP: 17/28 MP: 1/14
  2184 | D:3      | Learned a level 5 spell: Fireball
  2347 | D:3      | Reached skill level 5 in Spellcasting
  2982 | D:3      | Found a deep blue altar of Sif Muna.
  3104 | D:4      | Reached skill level 5 in Fire Magic
  3210 | D:4      | Found an iron altar of Okawaru.
  3219 | D:4      | Noticed an ogre
  3226 | D:4      | Killed an ogre
  3226 | D:4      | Reached XP level 6. HP: 32/32 MP: 7/16
  3412 | D:4      | Found Con Esem's Armour Shoppe.
  3683 | D:4      | Reached XP level 7. HP: 20/36 MP: 12/18
  3707 | D:4      | Got a fine cloak
  3881 | D:4      | Identified the +2 cloak of Ashenzari's Supremacy {+Inv Str+2} (You found it on level 4 of the Dungeon)
  4044 | D:5      | Entered Level 5 of the Dungeon
  4044 | D:5      | Noticed Blork the orc
  4050 | D:5      | Killed Blork the orc
  4139 | D:5      | Found a shadowy altar of Dithmenos.
  4208 | D:5      | Reached skill level 5 in Conjurations
  4307 | D:5      | Shot with an arrow by a centaur

Skill      XL: |  1  2  3  4  5  6  7 |
---------------+----------------------+-----
Spellcasting   | 4 5 6 |  6.8
Fire Magic     | 4 5 6 |  6.1
Conjurations   | 2 3 4 5 |  5.0
Dodging        | |  2.4
Stealth        | |  2.4

Action                   |  1- 3 |  4- 6 |  7- 9 || total
-------------------------+-------+-------+-------++-------
Melee: Dagger            |     7 |    17 |       ||    24
 Cast: Flame Tongue      |    73 |   123 |    33 ||   229
       Conjure Flame     |       |     7 |     4 ||    11
       Sticky Flame      |       |     1 |       ||     1
  Use: Scroll            |       |       |     8 ||     8
  Eat: Chunk             |     1 |     3 |       ||     4
       Pizza             |       |     1 |       ||     1
       Meat ration       |       |     1 |       ||     1
Armor: Robe              |     3 |     6 |     5 ||    14
Dodge: Dodged            |    23 |    30 |     7 ||    60
